 Dungeon Crawl Stone Soup version 0.29.1-2-gbd0b4ee654 (webtiles) character file.

Game seed: 6903115168501555630

700 RUZZLEFAZAZZLE the Cudgeller (level 7, -1/66 HPs)
             Began as a Gnoll Cinder Acolyte on Nov 17, 2022.
             Was a High Priest of Ignis.
             Slain by an orc warrior
             ... wielding a +0 flail
              (16 damage)
             ... on level 6 of the Dungeon.
             The game lasted 00:13:38 (5867 turns).

RUZZLEFAZAZZLE the Cudgeller (Gnoll Cinder Acolyte) Turns: 5867, Time: 00:13:38

Health: -1/66      AC: 12    Str: 16    XL:     7   Next: 65%
Magic:  13/13      EV:  5    Int: 13    God:    Ignis [*****.]
Gold:   155        SH:  0    Dex:  7    Spells: 14/14 levels left

rFire   + . .      SeeInvis .   a - +0 mace (flame)
rCold   . . .      Faith    .   (no shield)
rNeg    . . .      Spirit   .   n - +0 plate armour
rPois   .          Reflect  .   f - +0 helmet
rElec   .          Harm     .   (no cloak)
rCorr   +          Rampage  .   (no gloves)
Will    .....                   (no boots)
Stlth   ..........              (no amulet)
HPRegen 0.21/turn               d - ring of resist corrosion
MPRegen 0.13/turn               (no ring)

@: no status effects
A: fangs 1, strong nose, distributed training, mutation resistance 1, robust 1
a: Renounce Religion, Fiery Armour, Foxfire Swarm, Rising Flame


You were on level 6 of the Dungeon.
You worshipped Ignis.
Ignis was extremely pleased with you.
You visited 1 branch of the dungeon, and saw 6 of its levels.

You collected 155 gold pieces.

Inventory:

Hand Weapons
 a - a +0 mace of flaming (weapon)
Missiles
 m - a throwing net (quivered)
Armour
 f - a +0 helmet (worn)
 n - a +0 plate armour (worn)
Jewellery
 d - a ring of resist corrosion (left hand)
Scrolls
 c - 2 scrolls of brand weapon {unknown}
 g - 2 scrolls of fog
 h - 2 scrolls of fear
 k - a scroll of enchant weapon
 p - 2 scrolls of teleportation
Potions
 b - 2 potions of attraction
 e - a potion of ambrosia
 i - a potion of flight
 j - 2 potions of haste
 l - a potion of cancellation
 o - a potion of curing
 q - a potion of might


   Skills:
 + Level 7.1 Fighting
 + Level 2.7 Short Blades
 + Level 2.7 Long Blades
 + Level 2.7 Axes
 + Level 7.1 Maces & Flails
 + Level 2.7 Polearms
 + Level 2.7 Staves
 + Level 2.7 Ranged Weapons
 + Level 2.7 Throwing
 + Level 2.7 Armour
 + Level 2.7 Dodging
 + Level 2.7 Stealth
 + Level 2.7 Shields
 + Level 2.7 Unarmed Combat
 + Level 4.0 Spellcasting
 + Level 2.2 Conjurations
 + Level 2.2 Hexes
 + Level 2.2 Summonings
 + Level 2.2 Necromancy
 + Level 2.2 Translocations
 + Level 2.2 Transmutations
 + Level 5.9 Fire Magic
 + Level 2.2 Ice Magic
 + Level 2.2 Air Magic
 + Level 2.2 Earth Magic
 + Level 2.2 Poison Magic
 + Level 3.0 Invocations
 + Level 2.7 Evocations


You had 14 spell levels left.
You didn't know any spells.
Your spell library contained the following spells:

 Spells                   Type           Power      Damage    Failure   Level
 Scorch                   Fire           36%        2d7       86%         2
 Frozen Ramparts          Ice            16%        1d3       100%        3
 Ignite Poison            Fire/Tmut/Pois 11%        N/A       100%        3
 Mephitic Cloud           Conj/Pois/Air  8%         N/A       100%        3
 Ice Form                 Ice/Tmut       8%         N/A       100%        4
 Summon Ice Beast         Ice/Summ       8%         N/A       100%        4
 Freezing Cloud           Conj/Ice/Air   4%         6-21      100%        5


Dungeon Overview and Level Annotations

Branches:
Dungeon (6/15)             Temple (0/1) D:5

Altars:
Kikubaaqudgha
Makhleb
Sif Muna
Vehumet
The Shining One

Shops:
D:3 =:   D:5 [**(:*


Innate Abilities, Weirdness & Mutations

You have very sharp teeth.
Your uncanny sense of smell can sniff out nearby items.
Your experience applies equally to all skills.
You are somewhat resistant to further mutation.
You are robust. (+10% HP)


Message History

The orc warrior is lightly wounded.
The orc warrior hits you but does no damage.
You closely miss the orc warrior. Your bite misses the orc warrior.
The orc warrior is lightly wounded.
The orc warrior hits you with a +0 flail!
You sock the orc warrior! You burn the orc warrior.
The orc warrior is heavily wounded.
The orc warrior hits you with a +0 flail!
You are too injured to fight recklessly!
You hit the orc warrior but do no damage.
The orc warrior is heavily wounded.
The orc warrior hits you but does no damage.
You are too injured to fight recklessly!
You hit the orc warrior but do no damage.
The orc warrior is heavily wounded.
The orc warrior hits you with a +0 flail.
You are too injured to fight recklessly!
You hit the orc warrior. You burn the orc warrior.
Your punch misses the orc warrior.
The orc warrior is heavily wounded.
The orc wizard mumbles some strange words.
The orc wizard flickers and vanishes!
Deactivating autopickup; reactivate with Ctrl-A.
The orc warrior hits you with a +0 flail.
You barely miss the orc warrior.
You bite the orc warrior, but do no damage.
The orc warrior is heavily wounded.
The orc warrior hits you with a +0 flail.
You barely miss the orc warrior.
You bite the orc warrior, but do no damage.
The orc warrior is heavily wounded.
The orc warrior hits you with a +0 flail.
* * * LOW HITPOINT WARNING * * *
The orc wizard casts a spell.
The orc wizard flickers and vanishes!
The orc warrior hits you but does no damage.
You closely miss the orc warrior.
The orc warrior is heavily wounded.
The orc warrior hits you with a +0 flail!
You die...

... #.###.#.........#
#.##########.....#.##.######
#.#............###.##.########
#.#.############ #.##........#
#.#.# #.#########.# #.#.# #.#
#######.#### #.#.# #.#
#......[....
#.#.##############.###.##########
#............{{o@......#
###.##############.##### #.###
#.### ##.#.####### #...#
#...#......# ###.# ......#####.#
#.# ##...## #.# #.# ##.## #.# #.#
#.# #.# #.#


You could see an orc warrior.

Vanquished Creatures
  A sky beast (D:5)
  A howler monkey (D:4)
  4 hounds (D:4)
  A jelly (D:5)
  2 iguanas (D:5)
  4 orc wizards (D:4)
  Robin (D:3)
  10 gnolls
  6 adders
  3 worms
  2 dart slugs
  9 orcs
  8 ball pythons
  11 endoplasms
  4 giant cockroaches
  13 goblins
  5 hobgoblins
  2 jackals (D:1)
  9 kobolds
  A quokka (D:4)
  A bat (D:3)
  2 frilled lizards
  A rat (D:2)
101 creatures vanquished.

Notes
Turn   | Place    | Note
-------+----------+-------------------------------------------
     0 | D:1      | RUZZLEFAZAZZLE the Gnoll Cinder Acolyte began the quest for
                  | the Orb.
     0 | D:1      | Reached XP level 1. HP: 23/23 MP: 4/4
   209 | D:1      | Reached XP level 2. HP: 24/29 MP: 5/5
  1100 | D:2      | Reached XP level 3. HP: 35/35 MP: 7/7
  1122 | D:2      | Reached skill level 1 in Invocations
  1131 | D:2      | Found a faded altar of an unknown god.
  1324 | D:2      | Reached skill level 1 in Short Blades
  1324 | D:2      | Reached skill level 1 in Long Blades
  1324 | D:2      | Reached skill level 1 in Axes
  1324 | D:2      | Reached skill level 1 in Polearms
  1324 | D:2      | Reached skill level 1 in Staves
  1324 | D:2      | Reached skill level 1 in Ranged Weapons
  1324 | D:2      | Reached skill level 1 in Throwing
  1324 | D:2      | Reached skill level 1 in Armour
  1324 | D:2      | Reached skill level 1 in Dodging
  1324 | D:2      | Reached skill level 1 in Stealth
  1324 | D:2      | Reached skill level 1 in Shields
  1324 | D:2      | Reached skill level 1 in Unarmed Combat
  1324 | D:2      | Reached skill level 1 in Evocations
  1331 | D:2      | Reached XP level 4. HP: 28/41 MP: 8/8
  1427 | D:2      | Reached skill level 1 in Conjurations
  1427 | D:2      | Reached skill level 1 in Hexes
  1427 | D:2      | Reached skill level 1 in Summonings
  1427 | D:2      | Reached skill level 1 in Necromancy
  1427 | D:2      | Reached skill level 1 in Translocations
  1427 | D:2      | Reached skill level 1 in Transmutations
  1427 | D:2      | Reached skill level 1 in Ice Magic
  1427 | D:2      | Reached skill level 1 in Air Magic
  1427 | D:2      | Reached skill level 1 in Earth Magic
  1427 | D:2      | Reached skill level 1 in Poison Magic
  1610 | D:2      | Gained mutation: You expend magic power (3 MP) to
                  | strengthen your wands. [potion of mutation]
  1610 | D:2      | Gained mutation: Potions are less effective at restoring
                  | your health. [potion of mutation]
  1611 | D:2      | Lost mutation: You expend magic power (3 MP) to strengthen
                  | your wands. [potion of mutation]
  1611 | D:2      | Lost mutation: Potions are less effective at restoring your
                  | health. [potion of mutation]
  1611 | D:2      | Gained mutation: You are partially covered in iridescent
                  | scales. (AC +2) [potion of mutation]
  1611 | D:2      | Gained mutation: You are somewhat resistant to further
                  | mutation. [potion of mutation]
  1612 | D:2      | Lost mutation: You are somewhat resistant to further
                  | mutation. [potion of mutation]
  1612 | D:2      | Lost mutation: You are partially covered in iridescent
                  | scales. (AC +2) [potion of mutation]
  1612 | D:2      | Gained mutation: You are robust. (+10% HP) [potion of
                  | mutation]
  1612 | D:2      | Gained mutation: You are somewhat resistant to further
                  | mutation. [potion of mutation]
  1833 | D:3      | Noticed Robin
  1959 | D:3      | Killed Robin
  2245 | D:3      | Reached XP level 5. HP: 49/51 MP: 9/9
  2264 | D:3      | Found Nethrivuo's Book Emporium.
  2401 | D:3      | Found Isianity's Jewellery Shoppe.
  3012 | D:4      | Found a radiant altar of Vehumet.
  3034 | D:4      | Found an ancient bone altar of Kikubaaqudgha.
  3065 | D:4      | Found a shimmering blue altar of Sif Muna.
  3080 | D:4      | Reached XP level 6. HP: 45/58 MP: 11/11
  4097 | D:4      | Found a burning altar of Makhleb.
  4303 | D:5      | Entered Level 5 of the Dungeon
  4375 | D:5      | Found Zuojyosa's Book Emporium.
  4386 | D:5      | Found Vos Yqu's Antique Weapon Emporium.
  4495 | D:4      | Reached XP level 7. HP: 42/66 MP: 12/12
  4828 | D:5      | Found Imietymn's General Store.
  5086 | D:5      | Found a staircase to the Ecumenical Temple.
  5405 | D:5      | Found Vaxzy's Armour Boutique.
  5460 | D:5      | Found Kenatan's General Store.
  5463 | D:5      | Found Barurph's Specific Store.
  5515 | D:5      | Found a glowing golden altar of the Shining One.
  5867 | D:6      | Slain by an orc warrior

Illustrated notes

Levels and vault maps discovered:
D:1:      nzn_arrival_crosshair, layout_basic
D:2:      layout_rooms, chequers_ecumenical_altar_island, st_stairs_14,
          minmay_misc_feat_x
D:3:      layout_loops_ring, serial_shops, nicolae_shop_stone,
          nicolae_shop_crystal, st_stairs_1, uniq_robin
D:4:      layout_basic, palyth_temple_overflow_mages,
          makhleb_blood_cavern_becter
D:5:      layout_basic, nicolae_overflow_hidden_temple,
          minmay_temple_entry_stoned_glass, serial_shops,
          nicolae_shop_behind_doors, shop, nicolae_shop_stone,
          nicolae_take_the_stairs, chequers_serial_rivers_small_a,
          nicolae_specific_store
D:6:      layout_loops_ring, ebering_ghost_sewer_f

Skill      XL: |  1  2  3  4  5  6  7 |
---------------+----------------------+-----
Invocations    | 1 2 3 |  3.0
Short Blades   | 1 2 |  2.7
Long Blades    | 1 2 |  2.7
Axes           | 1 2 |  2.7
Polearms       | 1 2 |  2.7
Staves         | 1 2 |  2.7
Ranged Weapons | 1 2 |  2.7
Throwing       | 1 2 |  2.7
Armour         | 1 2 |  2.7
Dodging        | 1 2 |  2.7
Stealth        | 1 2 |  2.7
Shields        | 1 2 |  2.7
Unarmed Combat | 1 2 |  2.7
Evocations     | 1 2 |  2.7
Spellcasting   | 3 4 |  4.0
Conjurations   | 1 2 |  2.2
Hexes          | 1 2 |  2.2
Summonings     | 1 2 |  2.2
Necromancy     | 1 2 |  2.2
Translocations | 1 2 |  2.2
Transmutations | 1 2 |  2.2
Ice Magic      | 1 2 |  2.2
Air Magic      | 1 2 |  2.2
Earth Magic    | 1 2 |  2.2
Poison Magic   | 1 2 |  2.2
Fighting       | 7 |  7.1
Maces & Flails | 7 |  7.1
Fire Magic     | |  5.9

Action                   |  1- 3 |  4- 6 |  7- 9 || total
-------------------------+-------+-------+-------++-------
Melee: Mace              |    74 |   246 |    96 ||   416
       Bite              |     4 |    14 |    16 ||    34
       Punch             |       |     3 |     1 ||     4
  Use: Potion            |       |    14 |       ||    14
       Scroll            |       |    12 |     4 ||    16
Armor: Chain mail        |    36 |       |       ||    36
       Robe              |     1 |       |       ||     1
       Plate armour      |     8 |   187 |    64 ||   259
       Skin              |       |    11 |       ||    11
Dodge: Dodged            |    22 |    45 |    27 ||    94
